 Dungeon Crawl Stone Soup version 0.32-a0-913-g739538a (webtiles) character file.

Game seed: 18146945701606661523

46 Loakagen the Covered (level 3, -18/33 HPs)
             Began as a Minotaur Fighter on Apr 8, 2024.
             Killed from afar by Natasha the steam dragon (20 damage)
             ... with a ball of steam
             ... on level 2 of the Dungeon.
             The game lasted 00:02:24 (1089 turns).

Loakagen the Covered (Minotaur Fighter)             Turns: 1089, Time: 00:02:24

Health: -18/33     AC:  8    Str: 20    XL:     3   Next: 46%
Magic:  2/2        EV:  8    Int:  5    God:
Gold:   64         SH:  4    Dex: 11    Spells: 2/2 levels left

rFire   . . .        a - +0 war axe
rCold   . . .        c - +0 buckler
rNeg    . . .        b - +0 scale mail
rPois   .            l - +1 hat
rElec   .            (no cloak)
rCorr   .            (no gloves)
SInv    .            (no boots)
Will    .....        (no amulet) Stlth
                     (no ring)
HPRegen 0.25/turn    (no ring)
MPRegen 0.08/turn

%: no passive effects
@: no status effects
A: horns 2, retaliatory headbutt
a: no special abilities


You were on level 2 of the Dungeon.
You visited 1 branch of the dungeon, and saw 2 of its levels.

You collected 64 gold pieces.

Inventory:

Hand Weapons
 a - a +0 war axe (weapon)
Armour
 b - a +0 scale mail (worn)
 c - a +0 buckler (worn)
 l - a +1 hat (worn)
Wands
 k - a wand of polymorph (1)
Scrolls
 e - a scroll of poison {unknown}
 f - a scroll of teleportation {unknown}
 g - a scroll of blinking {unknown}
 h - a scroll of noise {unknown}
 i - 2 scrolls of enchant weapon {unknown}
Potions
 d - a potion of might


   Skills:
 + Level 4.1 Fighting
 + Level 3.1 Axes
 + Level 4.1 Armour
 + Level 4.1 Shields


You had 2 spell levels left.
You didn't know any spells.
Your spell library contained the following spells:

 Spells                   Type           Power      Damage    Failure   Level
 Foxfire                  Conj/Fire      0%         2x1d4     88%         1
 Blink                    Tloc           0%         N/A       95%         2
 Lesser Beckoning         Tloc           0%         N/A       95%         2
 Momentum Strike          Conj/Tloc      0%         3d8       95%         2
 Plasma Beam              Fire/Air       0%         2x1d10    100%        6
 Starburst                Conj/Fire      0%         6d3       100%        6


Dungeon Overview and Level Annotations

Branches:
Dungeon (2/15)

Altars:

Shops:
D:1 (

Annotations:
D:2 Natasha


Innate Abilities, Weirdness & Mutations

You have a pair of horns on your head.
You reflexively headbutt those who attack you in melee.


Message History

Aiming: Polymorph
Press: ? - help, Shift-Dir - straight line, f - Natasha
Aim: Natasha (will become a jelly, a steam dragon, or a hound, chance to affect: 49%) Natasha resists with some effort.
Natasha stares at you and mumbles some strange words.
The magic dart hits you.
Aiming: Polymorph
Press: ? - help, Shift-Dir - straight line, f/p - Natasha
Aim: Natasha (will become a jelly, a steam dragon, or a hound, chance to affect: 49%) Natasha resists with some effort.
Aiming: Polymorph
Press: ? - help, Shift-Dir - straight line, f/p - Natasha
Aim: Natasha (will become a jelly, a steam dragon, or a hound, chance to affect: 49%) Natasha resists with some effort.
Aiming: Polymorph
Press: ? - help, Shift-Dir - straight line, f/p - Natasha
Aim: Natasha (will become a jelly, a steam dragon, or a hound, chance to affect: 49%) Natasha evaporates and reforms as a steam dragon!
Natasha breathes steam at you. The ball of steam misses you.
You are engulfed in a cloud of scalding steam.
Natasha bites you. Natasha claws you but does no damage.
You hit Natasha. Your headbutt misses Natasha.
Natasha is lightly wounded.
You are engulfed in a cloud of scalding steam.
* * * LOW HITPOINT WARNING * * *
Natasha closely misses you. Natasha claws you.
* * * LOW HITPOINT WARNING * * *
You slash Natasha!
Natasha is heavily wounded.
Natasha bites you.
* * * LOW HITPOINT WARNING * * *
Natasha barely misses you.
You slash Natasha!
Natasha is severely wounded.
Natasha bites you but does no damage. Natasha claws you but does no damage.
Natasha breathes steam at you. The ball of steam hits you!!
Ouch! That really hurt!
You die...

#.# #...# ##.##
####...####
###.).### ...$.....#
#........ ........#
#......P~ ?......##
#.......~
##...#.............~
#..D..# ###......P~
#..@..# #........
#.....# # #.......#
#..!..#.# ##.....##
#.#.....#.# .....
#..†......### .....
#####.......+
#....####
###.#.#####
#...).....#


You could see Natasha the steam dragon (catching breath).

Vanquished Creatures
  2 adder skeletons (D:2)
  2 dart slugs
  2 ribbon worms (D:2)
  A ball python (D:1)
  A bat skeleton (D:2)
  2 endoplasms
  A giant cockroach (D:2)
  4 goblins
  3 hobgoblins (D:1)
  4 kobolds
  5 bats
  A frilled lizard (D:2)
  A quokka zombie (D:2)
  A rat (D:1)
30 creatures vanquished.

Notes
Turn   | Place    | Note
-------+----------+-------------------------------------------
     0 | D:1      | Loakagen the Minotaur Fighter began the quest for the Orb.
     0 | D:1      | Reached XP level 1. HP: 19/19 MP: 0/0
   130 | D:1      | Reached XP level 2. HP: 22/27 MP: 1/1
   174 | D:1      | Found Kaetaib's Weapon Boutique.
   810 | D:2      | Noticed Terence
   813 | D:2      | Terence changed into Terence the dart slug
   813 | D:2      | Noticed Terence
   815 | D:2      | Killed Terence the dart slug
   937 | D:2      | Reached XP level 3. HP: 33/33 MP: 2/2
  1080 | D:2      | Noticed Natasha
  1084 | D:2      | Natasha changed into Natasha the steam dragon
  1084 | D:2      | Noticed Natasha
  1088 | D:2      | HP: 1/33 [Natasha the steam dragon (4)]
  1089 | D:2      | Killed from afar by Natasha the steam dragon

Illustrated notes

Levels and vault maps discovered:
D:1:      lightli_arrival_boilingwater, layout_loops_cross, serial_shops, shop,
          moated_statue
D:2:      layout_loops_corners, serial_undead, serial_undead_e, serial_undead_f,
          serial_undead_a, serial_undead_b, basic_altar, nrook_mini_vaults,
          amcnicky_mini_pool_small, st_stairs_4, uniq_natasha, uniq_terence

Skill      XL: |  1  2 |
---------------+-------+-----
Armour         | 4 |  4.1
Fighting       | 4 |  4.1
Shields        | 4 |  4.1
Axes           | 3 |  3.1

Action                     || total
---------------------------++-------
  Melee: War axe           ||    67
         Headbutt          ||     9
  Evoke: Wand              ||     8
 Armour: Scale mail        ||    53
  Dodge: Dodged            ||    40
  Block: Buckler           ||    15

Table legend: (Time is in decaauts)
 A = Elapsed time spent in this place.
 B = Non-inter-level travel time spent in this place.
 C = Inter-level travel time spent in this place.
 D = Time resting spent in this place.
 E = Time spent auto-exploring this place.
 F = Levels seen in this place.
 G = Mean time per level.
                   A        B        C        D        E       F      G
               +--------+--------+--------+--------+--------+-----+--------+
         Total |   1119 |   1095 |     24 |      0 |    887 |   2 |  559.5 |
       Dungeon |   1119 |   1095 |     24 |      0 |    887 |   2 |  559.5 |
               +--------+--------+--------+--------+--------+-----+--------+

Top non-repeatable levels by time:
     D:1: 709 daAuts
     D:2: 410 daAuts
